 Dungeon Crawl Stone Soup version 0.28-a0-1435-g82390b3a13 (webtiles) character file.

Game seed: 4878217585203194622

590 dolemite99 the Cleaver (level 7, -3/57 HPs)
             Began as a Hill Orc Fighter on Jan 10, 2022.
             Was a Believer of Okawaru.
             Slain by an orc wizard (4 damage)
             ... on level 5 of the Dungeon.
             The game lasted 00:04:14 (4324 turns).

dolemite99 the Cleaver (Hill Orc Fighter)           Turns: 4324, Time: 00:04:15

Health: -3/57      AC:  9    Str: 21    XL:     7   Next: 39%
Magic:  7/7        EV:  9    Int:  8    God:    Okawaru [**....]
Gold:   125        SH:  4    Dex: 10    Spells: 6/6 levels left

rFire   . . .      SeeInvis .   a - +0 war axe
rCold   . . .      Faith    .   c - +0 buckler
rNeg    . . .      Spirit   .   h - +0 scale mail
rPois   .          Reflect  .   (no helmet)
rElec   .          Harm     .   q - +0 cloak
rCorr   .          Rampage  .   (no gloves)
Will    .....                   r - +0 pair of boots
Stlth   ..........              (no amulet)
HPRegen 0.19/turn               (no ring)
MPRegen 0.10/turn               (no ring)

@: no status effects
A: no striking features
a: Renounce Religion, Heroism


You were on level 5 of the Dungeon.
You worshipped Okawaru.
Okawaru was pleased with you.
You visited 1 branch of the dungeon, and saw 5 of its levels.

You collected 148 gold pieces.
You spent 23 gold pieces at shops.

Inventory:

Hand Weapons
 a - a +0 war axe (weapon)
 b - a +3 short sword
 j - a +2 short sword of electrocution
Missiles
 e - 43 stones (quivered)
 k - 21 bolts
 s - 45 poisoned darts
 u - 4 javelins
Armour
 c - a +0 buckler (worn)
 h - a +0 scale mail (worn)
 q - a +0 cloak (worn)
 r - a +0 pair of boots (worn)
Magical Staves
 A - a staff of cold
 B - a staff of poison
Scrolls
 g - 2 scrolls of blinking {unknown}
 i - a scroll of enchant weapon {unknown}
 m - 2 scrolls of enchant armour {unknown}
 o - 2 scrolls of amnesia {unknown}
 w - 2 scrolls of identify {unknown}
 x - a scroll of fog {unknown}
 y - a scroll of teleportation {unknown}
Potions
 d - a potion of might
 f - 3 potions of attraction {unknown}
 l - 3 potions of heal wounds {unknown}
 n - 2 potions of mutation {unknown}
 p - 2 potions of flight {unknown}
 t - 2 potions of resistance {unknown}
 v - a potion of brilliance {unknown}
 z - 4 potions of curing {unknown}


   Skills:
 - Level 3.6 Fighting
 + Level 10.4 Axes
 - Level 3.2 Armour
 - Level 3.2 Shields


You had 6 spell levels left.
You didn't know any spells.
Your spell library was empty.

Dungeon Overview and Level Annotations

Branches:
Dungeon (5/15)             Temple (0/1) D:4

Altars:
Kikubaaqudgha
Makhleb
Okawaru
Uskayaw
Vehumet
The Shining One

Shops:
D:1 *


Message History

An orc wizard comes into view. It is wielding a +0 dagger.
The orc wizard shouts!
You hear a shout!
The orc closely misses you.
You slash the orc!
You kill the orc!
Okawaru accepts your kill.
The orc wizard gestures at you while chanting.
You resist with some effort. The orc wizard casts a spell at you.
The puff of flame hits you.
You see here a +0 dagger.
Found 10 gold pieces.
The orc wizard gestures wildly while chanting.
The orc wizard flickers and vanishes!
Deactivating autopickup; reactivate with Ctrl-A.
You slash something! Something hits you.
You closely miss something.
You hear some strange, mumbled words.
A magic dart appears from out of thin air!
The magic dart hits you! Something hits you but does no damage.
You miss something.
An orc comes into view. It is wielding a +0 whip.
You hear some strange, mumbled words.
You are confused.
The orc moves out of view.
You completely miss something. Something hits you.
You miss something. Something hits you but does no damage.
Something hits you but does no damage. Something hits you.
You feel less confused.
You hear some strange, mumbled words.
A puff of flame appears from out of thin air!
The puff of flame hits you!
* * * LOW HITPOINT WARNING * * *
You hear some strange, mumbled words.
A puff of flame appears from out of thin air!
The puff of flame hits you!
* * * LOW HITPOINT WARNING * * *
Something hits you.
You die...

..####.#.##. .#######
.......... .........#
..####.### #$.#..#..#
>.####.#####..#..#..###.#
..........##..#..#.....
#.####.##.##..#..#..#
#.####..............###..
.....†..........{.........
..........##....@........#
#.........................
#######...####)###..#.#..#
####...####.###..#.# .#
............).....# # #
............).......
.####............?..
#.....##.###..#.#
#.....##.# .##


There were no monsters in sight!

Vanquished Creatures
  A wraith (D:5)
  Menkaure (D:4)
  A scorpion (D:5)
  An orc priest (D:4)
  A centaur skeleton (D:4)
  An iguana (D:4)
  2 howler monkey skeletons (D:4)
  4 gnolls
  4 adders
  A worm (D:2)
  4 dart slugs
  13 orcs
  3 bats
  3 endoplasms
  4 giant cockroaches
  4 goblins
  2 hobgoblins
  2 jackals (D:1)
  2 quokkas (D:1)
  7 ball pythons
  6 frilled lizards
  7 kobolds
  3 rats
77 creatures vanquished.

Notes
Turn   | Place    | Note
-------+----------+-------------------------------------------
     0 | D:1      | dolemite99 the Hill Orc Fighter began the quest for the
                  | Orb.
     0 | D:1      | Reached XP level 1. HP: 19/19 MP: 1/1
   213 | D:1      | Reached skill level 3 in Axes
   309 | D:1      | Reached XP level 2. HP: 21/26 MP: 2/2
   459 | D:1      | Reached skill level 4 in Axes
   473 | D:1      | Found Pusiamp's Assorted Antiques.
   494 | D:1      | Bought a white potion for 23 gold pieces
   586 | D:1      | Found a faded altar of an unknown god.
   607 | D:1      | Prayed at the altar of an unknown god.
   607 | D:1      | Became a worshipper of the Shining One
   607 | D:1      | Reached * piety under the Shining One
  1179 | D:2      | Reached XP level 3. HP: 31/31 MP: 3/3
  1350 | D:2      | Reached skill level 5 in Axes
  1865 | D:3      | Found a glowing golden altar of the Shining One.
  1865 | D:3      | Found a radiant altar of Vehumet.
  1865 | D:3      | Found an iron altar of Okawaru.
  1869 | D:3      | Found a burning altar of Makhleb.
  1873 | D:3      | Found an ancient bone altar of Kikubaaqudgha.
  1902 | D:3      | Fell from the grace of the Shining One
  1902 | D:3      | Became a worshipper of Warmaster Okawaru
  1972 | D:3      | Reached XP level 4. HP: 37/39 MP: 4/4
  2194 | D:3      | Reached skill level 6 in Axes
  2423 | D:4      | Found a staircase to the Ecumenical Temple.
  2821 | D:3      | Reached XP level 5. HP: 27/45 MP: 5/5
  3107 | D:4      | Reached skill level 7 in Axes
  3433 | D:4      | Reached * piety under Okawaru
  3581 | D:4      | Found a hide-covered altar of Uskayaw.
  3669 | D:4      | Noticed Menkaure
  3684 | D:4      | Killed Menkaure
  3685 | D:4      | Reached skill level 8 in Axes
  3685 | D:4      | Reached XP level 6. HP: 9/51 MP: 6/6
  4066 | D:4      | Reached skill level 9 in Axes
  4240 | D:5      | Entered Level 5 of the Dungeon
  4265 | D:5      | Reached ** piety under Okawaru
  4267 | D:5      | Noticed a wraith
  4281 | D:5      | Killed a wraith
  4282 | D:5      | Reached skill level 10 in Axes
  4282 | D:5      | Reached XP level 7. HP: 36/57 MP: 7/7
  4323 | D:5      | HP: 1/57 [something/puff of flame (8)]
  4324 | D:5      | Slain by an orc wizard

Illustrated notes

Levels and vault maps discovered:
D:1:      dpeg_arrival_court, layout_loops_ring, serial_shops,
          nicolae_lakefront_shop, hellmonk_ecumenical_altar_inner_sanctum
D:2:      layout_basic
D:3:      layout_rooms, grunt_temple_overflow_open, grunt_decor_one_mirror,
          chequers_mini_garden
D:4:      layout_gridville, nicolae_uskayaw_murder_on_the_dancefloor,
          minmay_temple_entry_waves, uniq_menkaure
D:5:      layout_basic, nicolae_overflow_hidden_temple,
          kennysheep_generic_room_15, uniq_crazy_yiuf_cottage

Skill      XL: |  1  2  3  4  5  6 |
---------------+-------------------+-----
Axes           | 3 4 5 6 8 10 | 10.4
Fighting       | |  3.6
Armour         | |  3.2
Shields        | |  3.2

Action                   |  1- 3 |  4- 6 |  7- 9 || total
-------------------------+-------+-------+-------++-------
Melee: Short sword       |    73 |    90 |       ||   163
       War axe           |     2 |    29 |    10 ||    41
Throw: Stone             |    71 |    39 |       ||   110
  Use: Potion            |       |     1 |       ||     1
Armor: Scale mail        |    26 |    49 |     5 ||    80
Dodge: Dodged            |    31 |    61 |     5 ||    97
Block: Buckler           |    12 |    25 |       ||    37

Table legend: (Time is in decaauts)
 A = Elapsed time spent in this place.
 B = Non-inter-level travel time spent in this place.
 C = Inter-level travel time spent in this place.
 D = Time resting spent in this place.
 E = Time spent auto-exploring this place.
 F = Levels seen in this place.
 G = Mean time per level.
                   A        B        C        D        E       F      G
               +--------+--------+--------+--------+--------+-----+--------+
         Total |   4371 |   4197 |    174 |    935 |   2429 |   5 |  874.2 |
       Dungeon |   4371 |   4197 |    174 |    935 |   2429 |   5 |  874.2 |
               +--------+--------+--------+--------+--------+-----+--------+

Top non-repeatable levels by time:
     D:4: 1582 daAuts
     D:1: 1141 daAuts
     D:3: 816 daAuts
     D:2: 737 daAuts
     D:5: 94 daAuts
